 Dungeon Crawl Stone Soup version 0.31.0-11-ge490571c62 (webtiles) character file.

Game seed: 7757457023816027843

212 qw the Skirmisher (level 5, -4/30 HPs)
             Began as a Deep Elf Hunter on Feb 5, 2024.
             Slain by Grinder (8 damage)
             ... on level 3 of the Dungeon.
             The game lasted 00:00:54 (1959 turns).

qw the Skirmisher (Deep Elf Hunter)                 Turns: 1959, Time: 00:00:55

Health: -4/30      AC:  6    Str: 10    XL:     5   Next: 58%
Magic:  7/7        EV: 11    Int: 14    God:
Gold:   122        SH:  0    Dex: 18    Spells: 4/4 levels left

rFire   . . .        a - +0 shortbow
rCold   . . .        (shield currently unavailable)
rNeg    . . .        f - +0 ring mail
rPois   .            (no helmet)
rElec   .            e - +0 cloak
rCorr   .            (no gloves)
SInv    .            (no boots)
Will    .....        (no amulet)
Stlth   +            (no ring)
HPRegen 0.25/turn    (no ring)
MPRegen 0.10/turn

%: no passive effects
@: no status effects
A: no striking features
a: no special abilities


You were on level 3 of the Dungeon.
You visited 1 branch of the dungeon, and saw 4 of its levels.

You collected 122 gold pieces.


   Skills:
 + Level 1.9 Fighting
 - Level 9.0 Ranged Weapons
 - Level 2.4 Dodging
 - Level 1.2 Stealth


You had 4 spell levels left.
You didn't know any spells.
Your spell library was empty.

Inventory:

Hand Weapons
 a - a +0 shortbow (weapon)
Armour
 e - a +0 cloak (worn)
 f - a +0 ring mail (worn)
Jewellery
 k - a ring of fire
Wands
 n - a wand of polymorph (5)
Potions
 c - a potion of resistance {unknown}
 d - a potion of cancellation {unknown}
 g - a potion of mutation
 h - 2 potions of curing
 i - a potion of haste {unknown}
 j - a potion of attraction {unknown}
 m - a potion of degeneration {unknown}
 o - a potion of might {unknown}

Dungeon Overview and Level Annotations

Branches:
Dungeon (4/15)
 Temple: D:4-7

Altars:
Wu Jian

Shops:
D:3 :![

Annotations:
D:3 3 runed translucent doors, Grinder; qw's ghost, amateur DEHu


Message History

The shining eye turns its gaze towards you.
The eye of devastation turns its gaze towards you.
The great orb of eyes turns its gaze towards you.
There is a stone staircase leading up here.
Grinder comes into view.
Grinder shouts!
You shoot an arrow.
The arrow hits Grinder but does no damage.
You shoot an arrow. The arrow hits Grinder.
Grinder is lightly wounded.
Found an escape hatch in the ceiling.
You shoot an arrow. The arrow hits Grinder!
Grinder is moderately wounded.
Grinder hits you but does no damage.
You shoot an arrow. The arrow closely misses Grinder.
Grinder hits you but does no damage. Grinder hits you.
You writhe in agony.
You shoot an arrow. The arrow hits Grinder.
Grinder is moderately wounded.
Grinder hits you.
You writhe in agony.
You shoot an arrow. The arrow barely misses Grinder.
Grinder blinks!
You shoot an arrow. The arrow closely misses Grinder.
You shoot an arrow.
The arrow hits Grinder but does no damage.
Grinder is moderately wounded.
You shoot an arrow.
The arrow hits Grinder but does no damage.
Grinder is moderately wounded.
You shoot an arrow. The arrow completely misses Grinder.
Grinder hits you.
You writhe in agony.
You shoot an arrow. The arrow hits Grinder.
Grinder is heavily wounded.
Grinder hits you!
You shoot an arrow. The arrow hits Grinder!
Grinder is severely wounded.
Grinder hits you.
You writhe in agony.
You shoot an arrow. The arrow closely misses Grinder.
Grinder hits you!
You die...
Grinder says, "Now the real fun starts!"

.# ##.#...###..........#
.### #...#.# #.....)....#
...#####...###..........#
##..##.......#..........#
###.##.##.##............#
.......................##
..%.......###..#......##
..........# ##.########
....>.....# #..@#
|.........# ###5....#
..........# .........
...........# ..........
...........8.\.<.8......
##############..........
#.......... #..........


You could see Grinder.

Vanquished Creatures
  A kobold brigand (D:3)
  Jessica (D:2)
  2 gnolls (D:3)
  2 adders (D:2)
  A dart slug (D:1)
  A ribbon worm (D:2)
  2 bats (D:1)
  7 endoplasms
  9 goblins
  3 hobgoblins (D:1)
  7 jackals (D:1)
  A quokka (D:1)
  6 ball pythons
  A frilled lizard (D:1)
  20 kobolds
  8 rats
72 creatures vanquished.

Notes
Turn   | Place    | Note
-------+----------+-------------------------------------------
     0 | D:1      | qw the Deep Elf Hunter began the quest for the Orb.
     0 | D:1      | Reached XP level 1. HP: 12/12 MP: 3/3
     0 | D:1      | 0 ||| qw: Version: 0.3-a-160-g6735b56
     0 | D:1      | 0 ||| qw: Game counter: 6365
     0 | D:1      | 0 ||| qw: Melee chars always use a shield: true
     0 | D:1      | 0 ||| qw: God list: Okawaru
     0 | D:1      | 0 ||| qw: Allow faded altars: false
     0 | D:1      | 0 ||| qw: Do Orc after clearing Dungeon:15 true
     0 | D:1      | 0 ||| qw: Do second Lair branch before Depths: true
     0 | D:1      | 0 ||| qw: Lair rune preference: random
     0 | D:1      | 0 ||| qw: Goals: Normal
     0 | D:1      | 0 ||| PLANNING D:1-11
    61 | D:1      | Reached XP level 2. HP: 16/16 MP: 4/4
    63 | D:1      | Reached skill level 6 in Ranged Weapons
   338 | D:1      | Reached XP level 3. HP: 20/20 MP: 5/5
   480 | D:1      | 480 ||| UPGRADING to +0 ring mail.
   490 | D:1      | 490 ||| DROPPING +0 leather armour.
   491 | D:1      | 491 ||| READING scroll labelled WISEURAKAC.
   492 | D:1      | 492 ||| READING 2 scrolls labelled ITUAQAORAA.
   492 | D:1      | 492 ||| IDENTIFYING yellow potion
   493 | D:1      | 493 ||| READING scroll of identify.
   493 | D:1      | 493 ||| IDENTIFYING amethyst potion
   494 | D:1      | 494 ||| READING 2 scrolls labelled EHACED VIWE.
   498 | D:1      | 498 ||| DROPPING scroll of butterflies.
   595 | D:2      | Noticed Jessica
   604 | D:2      | HP: 5/20 [Jessica/+2 dagger of speed (3)]
   605 | D:2      | 605 ||| READING scroll of teleportation.
   608 | D:2      | Killed Jessica
   609 | D:2      | Reached skill level 7 in Ranged Weapons
   609 | D:2      | Reached XP level 4. HP: 8/25 MP: 6/6
   905 | D:2      | Found an ornate altar of the Wu Jian Council.
  1132 | D:2      | 1132 ||| UPGRADING to +0 cloak.
  1137 | D:2      | 1137 ||| READING scroll labelled LUZXANK SEIF.
  1238 | D:2      | 1238 ||| DRINKING 2 fuming pink potions.
  1353 | D:3      | Reached skill level 8 in Ranged Weapons
  1359 | D:3      | Found a faded altar of an unknown god.
  1359 | D:3      | Noticed a golden eye
  1361 | D:3      | Noticed a great orb of eyes
  1362 | D:3      | Noticed a shining eye
  1362 | D:3      | Noticed an eye of devastation
  1369 | D:3      | Found Dastiyc's Book Boutique.
  1417 | D:3      | Found a runed translucent gate.
  1419 | D:3      | Found a runed translucent gate.
  1419 | D:3      | Found a runed translucent gate.
  1421 | D:3      | Noticed qw's ghost (amateur DEHu)
  1516 | D:3      | Noticed a kobold brigand
  1525 | D:3      | HP: 6/25 [kobold brigand/+0 dagger (2)]
  1526 | D:3      | 1526 ||| READING scroll of teleportation.
  1527 | D:3      | 1527 ||| DRINKING potion of heal wounds.
  1561 | D:3      | 1561 ||| FLEEEEING.
  1562 | D:3      | 1562 ||| FLEEEEING.
  1563 | D:3      | 1563 ||| FLEEEEING.
  1564 | D:3      | 1564 ||| FLEEEEING.
  1565 | D:3      | 1565 ||| FLEEEEING.
  1566 | D:3      | 1566 ||| FLEEEEING.
  1567 | D:3      | 1567 ||| FLEEEEING.
  1570 | D:3      | 1570 ||| FLEEEEING.
  1575 | D:3      | Killed a kobold brigand
  1576 | D:3      | Reached skill level 9 in Ranged Weapons
  1576 | D:3      | Reached XP level 5. HP: 10/29 MP: 7/7
  1673 | D:3      | 1673 ||| FLEEEEING.
  1748 | D:3      | You fall into a shaft and drop 1 floor!
  1749 | D:4      | 1749 ||| READING scroll labelled TUFEEJI OTAU.
  1751 | D:4      | 1751 ||| Stepping ~*~*~tactically~*~*~ (cloud).
  1871 | D:3      | Found Joratz's Antique Armour Emporium.
  1874 | D:3      | 1874 ||| SHOPLISTING glowing cloak (225 gold, have 122).
  1874 | D:3      | 1874 ||| SHOPLISTING slimy helmet (285 gold, have 122).
  1945 | D:3      | Noticed Grinder
  1948 | D:3      | Found Ugho's Distillery.
  1958 | D:3      | HP: 5/30 [Grinder (3)]
  1959 | D:3      | Slain by Grinder

Levels and vault maps discovered:
D:1:      dpeg_arrival_ratfight, layout_basic
D:2:      layout_basic, basic_altar, minmay_liquid_box, uniq_jessica
D:3:      minmay_goblin_kobold_castle, layout_rooms, ebering_ghost_rock_garden,
          hellmonk_ecumenical_altar_watching_god, serial_shops,
          nicolae_shop_real_fake_doors, shop_fountains, shop_statue, shop, shop,
          uniq_grinder
D:4:      nicolae_cairo_tiling_large, layout_cave_pods,
          minmay_temple_entry_mini_moons, fountainhead, minmay_puff,
          uniq_blork_the_orc, uniq_robin

Skill      XL: |  1  2  3  4 |
---------------+-------------+-----
Ranged Weapons | 6 7 9 |  9.0
Fighting       | |  1.9
Dodging        | |  2.4
Stealth        | |  1.2

Action                     |  1- 3 |  4- 6 || total
---------------------------+-------+-------++-------
   Fire: Shortbow          |    79 |   121 ||   200
    Use: Scroll            |     5 |     3 ||     8
         Potion            |       |     2 ||     2
 Armour: Leather armour    |     8 |       ||     8
         Ring mail         |     8 |    37 ||    45
  Dodge: Dodged            |    20 |    29 ||    49

Table legend:
 A = Non-vault XP
 B = Vault XP
 C = Vault XP percentage of total XP
 D = Non-vault monster count
 E = Vault monster count
 F = Vault count percentage of total count
                 A         B        C        D         E       F
            +---------+---------+-------+---------+---------+-------
      Total |     109 |     195 |  64.1 |      46 |      26 |  36.1
            +---------+---------+-------+---------+---------+-------
        D:1 |      50 |       5 |   9.1 |      27 |       5 |  15.6
        D:2 |      52 |      37 |  41.6 |      15 |       1 |   6.2
        D:3 |       7 |     153 |  95.6 |       4 |      20 |  83.3
            +---------+---------+-------+---------+---------+-------
